Stars vs Sharks

Created - March 22, 2017 at 18:04

Goals
1 2 3 OT1 SO T
Stars 0 1 0 0 0 1
Sharks 1 0 0 0 1 2
Shots
1 2 3 OT1 SO T
Stars 8 13 15 0 3 36
Sharks 14 5 4 5 3 28

1st period

1. Sharks , Mikhail Grigorenko 7 (Mattias Janmark, Andrej Sustr) at 0:47

Penalties :
Jason Demers (DAL) for Slashing (Minor) at 6:08, Jonas Gustavsson (DAL) for Delaying the game (Minor) at 6:29 - Zdeno Chara served the penalty., Seth Jones (SJS) for Tripping (Minor) at 14:04

2nd period

2. Stars , Sidney Crosby 44 (Nikita Kucherov, Jason Demers) at 2:41 (PP)

Penalties :
Duncan Keith (DAL) for Holding (Minor) at 0:11, Xavier Ouellet (SJS) for Kneeing (Major) at 2:19, Robert Bortuzzo (DAL) for Holding (Minor) at 5:56, Cody McLeod (DAL) for High sticking (Minor) at 12:59

3rd period

No Goal

Penalties :
Nick Bjugstad (SJS) for Tripping (Minor) at 10:34, Mark Pysyk (SJS) for Tripping (Minor) at 16:02

Overtime #1

No Goal

Penalties :
No Penalty

Shootout

Penalty Shot by Sidney Crosby for Stars - Stopped by Semyon Varlamov
Penalty Shot by Charlie Coyle for Sharks - Stopped by Jonas Gustavsson
Penalty Shot by Evgeni Malkin for Stars - Stopped by Semyon Varlamov
Penalty Shot by Anze Kopitar for Sharks - Shot Misses the Net
Penalty Shot by Jonathan Huberdeau for Stars - Stopped by Semyon Varlamov
Penalty Shot by Sam Reinhart for Sharks - Goal!

Penalties :
No Penalty

Goalie Stats

Jonas Gustavsson (DAL), 27 saves from 28 shots - (0.964), OTL, 4-2-2, 65:00 minutes
Semyon Varlamov (SJS), 35 saves from 36 shots - (0.972), W, 33-20-7, 65:00 minutes

Players Stats for Stars

Player Name              G  A  P  +/- PIM S  H  SB GA TA FO     MP     PP MP  PK MP  
------------------------------------------------------------------------------------
Adam Pardy               0  0  0   0  0   0  0  2  0  0  0/0    13:00   0:49   0:05 
Brad Malone              0  0  0   0  0   0  0  0  0  0  0/0     1:02   1:02   0:00 
Cody McLeod              0  0  0   0  2   1  2  0  0  0  0/0    11:42   0:13   0:00 
Dainius Zubrus           0  0  0   0  0   0  1  0  0  0  0/0     3:16   0:00   0:00 
Duncan Keith             0  0  0   0  2   6  1  3  0  0  0/0    26:37   4:05   2:48 
Evgeni Malkin            0  0  0   0  0   7  1  0  0  0  0/1    22:15   4:18   0:00 
Jason Demers             0  1  1  -1  2   1  1  1  0  0  0/0    22:25   4:41   2:29 
John Klingberg           0  0  0  -1  0   1  0  0  0  0  0/0    27:38   4:40   3:31 
John Mitchell            0  0  0   0  0   0  0  0  0  0  8/20   13:54   0:00   2:24 
Jonathan Huberdeau       0  0  0   0  0   2  0  0  0  0  2/3    20:53   4:02   0:37 
Mike Richards            0  0  0   0  0   2  0  1  0  0  1/1    12:57   0:00   1:27 
Nikita Kucherov          0  1  1  -1  0   3  3  0  0  0  0/1    22:34   4:30   0:00 
Paul Byron               0  0  0  -1  0   2  1  0  0  0  1/1    22:31   4:51   3:50 
Paul Stastny             0  0  0  -1  0   5  0  1  0  0  13/28  22:44   5:03   0:00 
Robert Bortuzzo          0  0  0   0  2   0  1  0  0  0  0/0    16:06   1:01   2:14 
Shawn Thornton           0  0  0   0  0   0  0  0  0  0  0/0     0:25   0:25   0:00 
Sidney Crosby            1  0  1   0  0   6  0  0  0  0  18/35  25:51   4:18   3:54 
Zdeno Chara              0  0  0   0  0   0  0  1  0  0  0/0    24:11   3:51   2:43 

Players Stats for Sharks

Player Name              G  A  P  +/- PIM S  H  SB GA TA FO     MP     PP MP  PK MP  
------------------------------------------------------------------------------------
Andrej Sustr             0  1  1   1  0   1  0  2  0  0  0/0    24:46   3:29   4:28 
Anze Kopitar             0  0  0   0  0   6  0  1  0  0  19/32  21:29   3:29   0:41 
Brooks Laich             0  0  0   0  0   0  0  0  0  0  3/8     5:07   0:00   0:00 
Charlie Coyle            0  0  0   0  0   2  2  0  0  0  0/0    19:42   3:29   0:00 
Chris Tanev              0  0  0   0  0   1  0  1  0  0  0/0    21:18   3:26   2:50 
Dave Bolland             0  0  0   0  0   1  0  0  0  0  2/4     9:41   0:00   4:34 
Henrik Zetterberg        0  0  0   0  0   1  0  0  0  0  2/4    20:20   3:26   0:33 
Marc Staal               0  0  0   1  0   0  0  2  0  0  0/0    24:37   3:29   4:20 
Mark Pysyk               0  0  0   0  2   1  0  1  0  0  0/0    13:43   0:00   0:40 
Martin Havlat            0  0  0   0  0   2  0  0  0  0  0/2    13:11   0:00   0:00 
Mattias Janmark          0  1  1   1  0   0  0  0  0  0  0/0     9:13   0:00   0:00 
Mikhail Grigorenko       1  0  1   1  0   3  0  0  0  0  0/1    13:40   0:00   4:27 
Nick Bjugstad            0  0  0   0  2   4  0  0  0  0  11/20  18:11   3:26   0:00 
Sam Reinhart             0  0  0   0  0   5  1  0  0  0  1/2    20:53   3:29   0:00 
Sean Couturier           0  0  0   1  0   0  1  0  0  0  9/17   18:25   3:26   4:49 
Seth Jones               0  0  0   0  2   1  4  0  0  0  0/0    29:04   3:26   3:15 
Tom Wilson               0  0  0   0  0   0  1  0  0  0  0/0     9:41   0:00   4:34 
Xavier Ouellet           0  0  0   0  5   0  2  0  0  0  0/0    15:59   0:00   3:05 

3 Stars

1 - Semyon Varlamov (SJS)
2 - Jonas Gustavsson (DAL)
3 - Mikhail Grigorenko (SJS)

Power Play

Stars - 1 on 5 Attempt(s) - 20.00%
Sharks - 0 on 5 Attempt(s) - 0.00%

Penalty Kill

Stars - 5 on 5 Attempt(s) - 100.00% - Score 0 goal in Penalty Kill
Sharks - 4 on 5 Attempt(s) - 80.00% - Score 0 goal in Penalty Kill

Team Stat

Stars - Hits : 11 - Faceoff Wins : 43 - Blocked Shots : 9 - Penalty Minutes : 10
Sharks - Hits : 11 - Faceoff Wins : 47 - Blocked Shots : 7 - Penalty Minutes : 11

Official

Referees : Justin StPierre and Francis Charron
Linesman : Brandon Gawryletz and Jay Sharrers

Game Notes

Chris Tanev is injured at 10:09 of 3rd period (Bruised Right Leg)

Finance

Level 1 -- Attendance: 5649 (86.91%) -- Ticket Income $593,145
Level 2 -- Attendance: 4463 (89.26%) -- Ticket Income $312,410
Level 3 -- Attendance: 3086 (88.17%) -- Ticket Income $157,386
Level 4 -- Attendance: 1562 (100.00%) -- Ticket Income $54,670
Luxury Box -- Attendance: 938 (93.80%) -- Ticket Income $187,600
Game was played at the SAP center.
Total Attendance: 15698 (89.39%)
Total Ticket Income: $1,305,211
Other Income: $195,782
Total Income: $1,500,993

% Time on Ice - Stars

Lines # - Real PCT - Wanted PCT - Time Play
Normal Forward
1 - 34% - 37% - 14:24
2 - 31% - 33% - 12:59
3 - 27% - 19% - 11:30
4 - 8% - 11% - 3:16
Normal Defense
1 - 35% - 35% - 14:51
2 - 33% - 35% - 13:50
3 - 26% - 15% - 11:06
4 - 6% - 15% - 2:22
PP Forward
1 - 49% - 55% - 4:43
2 - 51% - 45% - 4:51
PP Defense
1 - 51% - 50% - 4:54
2 - 49% - 50% - 4:40
PK Forward
1 - 73% - 60% - 3:50
2 - 27% - 40% - 1:27
PK Defense
1 - 46% - 50% - 2:27
2 - 54% - 50% - 2:50
PK3 Forward
1 - 42% - 55% - 0:41
2 - 58% - 45% - 0:57
PK3 Defense
1 - 58% - 50% - 0:57
2 - 42% - 50% - 0:41
44 Forward
1 - 68% - 50% - 0:56
2 - 32% - 50% - 0:26
44 Defense
1 - 32% - 50% - 0:26
2 - 68% - 50% - 0:56
Last Minute Offensive  - 0:00
Last Minute Defensive  - 0:00
Total
Forward - 60:00
Defense - 60:00

% Time on Ice - Sharks

Lines # - Real PCT - Wanted PCT - Time Play
Normal Forward
1 - 35% - 34% - 14:38
2 - 31% - 30% - 13:11
3 - 22% - 23% - 9:13
4 - 12% - 13% - 5:07
Normal Defense
1 - 42% - 42% - 17:46
2 - 27% - 36% - 11:30
3 - 28% - 22% - 11:38
4 - 3% - 0% - 1:15
PP Forward
1 - 50% - 62% - 3:29
2 - 50% - 38% - 3:26
PP Defense
1 - 50% - 67% - 3:26
2 - 50% - 33% - 3:29
PK Forward
1 - 52% - 50% - 5:00
2 - 48% - 50% - 4:34
PK Defense
1 - 59% - 40% - 5:40
2 - 41% - 60% - 3:54
PK3 Forward
1 - 0% - 60%
2 - 0% - 40%
PK3 Defense
1 - 0% - 60%
2 - 0% - 40%
44 Forward
1 - 43% - 50% - 0:35
2 - 57% - 50% - 0:47
44 Defense
1 - 43% - 60% - 0:35
2 - 57% - 40% - 0:47
Last Minute Offensive  - 0:00
Last Minute Defensive  - 0:00
Total
Forward - 60:00
Defense - 60:00

Play by Play

1st period


0:01 of 1st period - Sidney Crosby wins face-off versus Anze Kopitar in neutral zone.
0:30 of 1st period - Shot by Jonathan Huberdeau.
0:30 of 1st period - Shot Misses the Net.
0:34 of 1st period - Shot by Evgeni Malkin.
0:34 of 1st period - Stopped by Semyon Varlamov without a rebound.
0:35 of 1st period - Nick Bjugstad wins face-off versus Paul Stastny in Sharks zone.
0:39 of 1st period - Off-side.
0:40 of 1st period - Sean Couturier wins face-off versus Nikita Kucherov in neutral zone.
0:45 of 1st period - Shot by Mattias Janmark.
0:45 of 1st period - Shot Misses the Net.
0:47 of 1st period - Shot by Mikhail Grigorenko.
0:47 of 1st period - Goal by Mikhail Grigorenko - Stars : 0 - Sharks : 1.
0:48 of 1st period - Nick Bjugstad wins face-off versus John Mitchell in neutral zone.
0:51 of 1st period - Shot by Nick Bjugstad.
0:51 of 1st period - Shot Misses the Net.
0:57 of 1st period - Shot by Nick Bjugstad.
0:57 of 1st period - Stopped by Jonas Gustavsson with a rebound.
0:59 of 1st period - Shot by Martin Havlat.
0:59 of 1st period - Stopped by Jonas Gustavsson without a rebound.
1:00 of 1st period - Brooks Laich wins face-off versus Paul Stastny in Stars zone.
1:21 of 1st period - Shot by Nikita Kucherov.
1:21 of 1st period - Shot Misses the Net.
1:23 of 1st period - Shot by Duncan Keith.
1:23 of 1st period - Stopped by Semyon Varlamov without a rebound.
1:24 of 1st period - Sean Couturier wins face-off versus John Mitchell in Sharks zone.
1:28 of 1st period - Icing by Mattias Janmark.
1:29 of 1st period - Sean Couturier wins face-off versus Paul Stastny in Sharks zone.
1:34 of 1st period - Shot by Mikhail Grigorenko.
1:34 of 1st period - Stopped by Jonas Gustavsson without a rebound.
1:35 of 1st period - Paul Stastny wins face-off versus Nick Bjugstad in Stars zone.
1:58 of 1st period - Shot by Paul Stastny.
1:58 of 1st period - Shot Misses the Net.
2:18 of 1st period - Shot by Henrik Zetterberg.
2:18 of 1st period - Shot Misses the Net.
2:56 of 1st period - Shot by Sean Couturier.
2:56 of 1st period - Shot Misses the Net.
3:28 of 1st period - Shot by Anze Kopitar.
3:28 of 1st period - Stopped by Jonas Gustavsson without a rebound.
3:29 of 1st period - John Mitchell wins face-off versus Brooks Laich in Stars zone.
3:29 of 1st period - John Mitchell is hit by Tom Wilson.
3:54 of 1st period - Shot by Dave Bolland.
3:54 of 1st period - Stopped by Jonas Gustavsson without a rebound.
3:55 of 1st period - Paul Stastny wins face-off versus Anze Kopitar in Stars zone.
4:11 of 1st period - Sam Reinhart is hit by Duncan Keith.
4:17 of 1st period - Shot by Charlie Coyle.
4:17 of 1st period - Shot Misses the Net.
4:29 of 1st period - Shot by Paul Stastny.
4:29 of 1st period - Shot Misses the Net.
4:31 of 1st period - Shot by Duncan Keith.
4:31 of 1st period - Stopped by Semyon Varlamov without a rebound.
4:32 of 1st period - Jonathan Huberdeau wins face-off versus Nick Bjugstad in Sharks zone.
4:35 of 1st period - Shot by Evgeni Malkin.
4:35 of 1st period - Shot Blocked by Andrej Sustr.
4:49 of 1st period - Shot by Henrik Zetterberg.
4:49 of 1st period - Deflect By Nick Bjugstad.
4:49 of 1st period - Shot Misses the Net.
4:51 of 1st period - Shot by Martin Havlat.
4:51 of 1st period - Shot Blocked by Adam Pardy.
4:53 of 1st period - Shot by Nick Bjugstad.
4:53 of 1st period - Stopped by Jonas Gustavsson without a rebound.
4:54 of 1st period - Sean Couturier wins face-off versus John Mitchell in Stars zone.
6:08 of 1st period - Minor Penalty to Jason Demers for Slashing.
6:09 of 1st period - Anze Kopitar wins face-off versus Sidney Crosby in Stars zone.
6:14 of 1st period - Shot by Sam Reinhart.
6:14 of 1st period - Stopped by Jonas Gustavsson without a rebound.
6:15 of 1st period - Sidney Crosby wins face-off versus Anze Kopitar in Stars zone.
6:15 of 1st period - Sidney Crosby is hit by Charlie Coyle.
6:29 of 1st period - Shot by Anze Kopitar.
6:29 of 1st period - Stopped by Jonas Gustavsson without a rebound.
6:29 of 1st period - Minor Penalty to Jonas Gustavsson for Delaying the game.
6:30 of 1st period - Anze Kopitar wins face-off versus Sidney Crosby in Stars zone.
6:33 of 1st period - Shot by Anze Kopitar.
6:33 of 1st period - Shot Misses the Net.
6:35 of 1st period - Shot by Anze Kopitar.
6:35 of 1st period - Shot Blocked by Duncan Keith.
7:31 of 1st period - Shot by Sean Couturier.
7:31 of 1st period - Shot Blocked by Duncan Keith.
7:33 of 1st period - Shot by Seth Jones.
7:33 of 1st period - Shot Misses the Net.
9:38 of 1st period - Shot by Sidney Crosby.
9:38 of 1st period - Stopped by Semyon Varlamov with a rebound.
9:41 of 1st period - Icing by Seth Jones.
9:42 of 1st period - Nick Bjugstad wins face-off versus John Mitchell in Sharks zone.
9:55 of 1st period - Icing by Zdeno Chara.
9:56 of 1st period - John Mitchell wins face-off versus Anze Kopitar in Stars zone.
10:11 of 1st period - Shot by Anze Kopitar.
10:11 of 1st period - Deflect By Sam Reinhart.
10:11 of 1st period - Stopped by Jonas Gustavsson with a rebound.
10:32 of 1st period - Icing by Duncan Keith.
10:33 of 1st period - John Mitchell wins face-off versus Nick Bjugstad in Stars zone.
10:35 of 1st period - Icing by Zdeno Chara.
10:36 of 1st period - Nick Bjugstad wins face-off versus John Mitchell in Stars zone.
11:19 of 1st period - Shot by Jonathan Huberdeau.
11:19 of 1st period - Stopped by Semyon Varlamov without a rebound.
11:20 of 1st period - Anze Kopitar wins face-off versus Paul Stastny in Sharks zone.
11:56 of 1st period - Anze Kopitar is hit by Nikita Kucherov and loses puck.
12:41 of 1st period - Sidney Crosby is hit by Xavier Ouellet and loses puck.
12:46 of 1st period - Shot by Evgeni Malkin.
12:46 of 1st period - Shot Misses the Net.
12:48 of 1st period - Shot by Jason Demers.
12:48 of 1st period - Shot Misses the Net.
12:55 of 1st period - Off-side.
12:56 of 1st period - Nick Bjugstad wins face-off versus John Mitchell in neutral zone.
13:05 of 1st period - Shot by Henrik Zetterberg.
13:05 of 1st period - Shot Misses the Net.
13:07 of 1st period - Shot by Martin Havlat.
13:07 of 1st period - Deflect By Nick Bjugstad.
13:07 of 1st period - Shot Misses the Net.
13:09 of 1st period - Shot by Chris Tanev.
13:09 of 1st period - Stopped by Jonas Gustavsson without a rebound.
13:10 of 1st period - Sidney Crosby wins face-off versus Brooks Laich in Stars zone.
13:26 of 1st period - Off-side.
13:27 of 1st period - Anze Kopitar wins face-off versus John Mitchell in neutral zone.
13:47 of 1st period - Shot by Anze Kopitar.
13:47 of 1st period - Shot Blocked by Mike Richards.
13:49 of 1st period - Shot by Anze Kopitar.
13:49 of 1st period - Shot Misses the Net.
13:51 of 1st period - Shot by Anze Kopitar.
13:51 of 1st period - Shot Blocked by Duncan Keith.
13:53 of 1st period - Shot by Anze Kopitar.
13:53 of 1st period - Stopped by Jonas Gustavsson without a rebound.
13:54 of 1st period - Sidney Crosby wins face-off versus Nick Bjugstad in Stars zone.
14:04 of 1st period - Minor Penalty to Seth Jones for Tripping.
14:05 of 1st period - Sidney Crosby wins face-off versus Sean Couturier in Sharks zone.
15:25 of 1st period - Shot by Jonathan Huberdeau.
15:25 of 1st period - Stopped by Semyon Varlamov without a rebound.
15:26 of 1st period - Paul Stastny wins face-off versus Sean Couturier in Sharks zone.
16:32 of 1st period - John Mitchell is hit by Seth Jones.
16:45 of 1st period - John Mitchell is hit by Seth Jones and loses puck.
17:20 of 1st period - Shot by Evgeni Malkin.
17:20 of 1st period - Stopped by Semyon Varlamov without a rebound.
17:21 of 1st period - Sam Reinhart wins face-off versus Paul Stastny in Sharks zone.
17:21 of 1st period - Sam Reinhart is hit by Dainius Zubrus.
17:41 of 1st period - Shot by Anze Kopitar.
17:41 of 1st period - Stopped by Jonas Gustavsson without a rebound.
17:42 of 1st period - Sean Couturier wins face-off versus Paul Stastny in Stars zone.
17:43 of 1st period - Shot by Mikhail Grigorenko.
17:43 of 1st period - Stopped by Jonas Gustavsson with a rebound.
17:53 of 1st period - Shot by Paul Stastny.
17:53 of 1st period - Stopped by Semyon Varlamov without a rebound.
17:54 of 1st period - Anze Kopitar wins face-off versus John Mitchell in Sharks zone.
17:54 of 1st period - Seth Jones is hit by Cody McLeod and loses puck.
18:17 of 1st period - Cody McLeod is hit by Charlie Coyle and loses puck.
18:23 of 1st period - Anze Kopitar is hit by Robert Bortuzzo and loses puck.
Goals for this period are 0 for Stars vs 1 for Sharks.
Shots for this period are 8 for Stars vs 14 for Sharks.

2nd period


0:01 of 2nd period - Anze Kopitar wins face-off versus Sidney Crosby in neutral zone.
0:11 of 2nd period - Minor Penalty to Duncan Keith for Holding.
0:12 of 2nd period - Sidney Crosby wins face-off versus Nick Bjugstad in Stars zone.
0:52 of 2nd period - Icing by Chris Tanev.
0:53 of 2nd period - Nick Bjugstad wins face-off versus Sidney Crosby in Sharks zone.
1:30 of 2nd period - Icing by Charlie Coyle.
1:31 of 2nd period - Anze Kopitar wins face-off versus John Mitchell in Sharks zone.
2:00 of 2nd period - Shot by Sam Reinhart.
2:00 of 2nd period - Shot Blocked by Jason Demers.
2:12 of 2nd period - Shot by Sam Reinhart.
2:12 of 2nd period - Shot Misses the Net.
2:19 of 2nd period - Major Penalty to Xavier Ouellet for Kneeing.
2:20 of 2nd period - Sidney Crosby wins face-off versus Dave Bolland in Sharks zone.
2:37 of 2nd period - Shot by Jason Demers.
2:37 of 2nd period - Shot Misses the Net.
2:39 of 2nd period - Shot by Nikita Kucherov.
2:39 of 2nd period - Shot Misses the Net.
2:41 of 2nd period - Shot by Sidney Crosby.
2:41 of 2nd period - Goal by Sidney Crosby - Stars : 1 - Sharks : 1.
2:42 of 2nd period - Sean Couturier wins face-off versus Paul Stastny in neutral zone.
4:52 of 2nd period - Shot by Sean Couturier.
4:52 of 2nd period - Shot Blocked by Zdeno Chara.
5:56 of 2nd period - Minor Penalty to Robert Bortuzzo for Holding.
5:57 of 2nd period - Anze Kopitar wins face-off versus Paul Stastny in Stars zone.
6:11 of 2nd period - Sam Reinhart is hit by Nikita Kucherov and loses puck.
6:16 of 2nd period - Shot by Paul Stastny.
6:16 of 2nd period - Stopped by Semyon Varlamov without a rebound.
6:17 of 2nd period - Sidney Crosby wins face-off versus Henrik Zetterberg in Sharks zone.
6:26 of 2nd period - Shot by Evgeni Malkin.
6:26 of 2nd period - Stopped by Semyon Varlamov without a rebound.
6:27 of 2nd period - Sidney Crosby wins face-off versus Henrik Zetterberg in Sharks zone.
7:08 of 2nd period - Icing by Evgeni Malkin.
7:09 of 2nd period - Anze Kopitar wins face-off versus Sidney Crosby in Stars zone.
7:12 of 2nd period - Shot by Sam Reinhart.
7:12 of 2nd period - Deflect By Anze Kopitar.
7:12 of 2nd period - Stopped by Jonas Gustavsson without a rebound.
7:13 of 2nd period - Anze Kopitar wins face-off versus Paul Stastny in Stars zone.
8:19 of 2nd period - Off-side.
8:20 of 2nd period - Brooks Laich wins face-off versus John Mitchell in neutral zone.
8:36 of 2nd period - Icing by Andrej Sustr.
8:37 of 2nd period - Sidney Crosby wins face-off versus Brooks Laich in Sharks zone.
8:40 of 2nd period - Shot by Evgeni Malkin.
8:40 of 2nd period - Stopped by Semyon Varlamov without a rebound.
8:41 of 2nd period - Anze Kopitar wins face-off versus Jonathan Huberdeau in Sharks zone.
9:08 of 2nd period - Shot by Evgeni Malkin.
9:08 of 2nd period - Stopped by Semyon Varlamov with a rebound.
9:10 of 2nd period - Shot by Sidney Crosby.
9:10 of 2nd period - Shot Misses the Net.
9:18 of 2nd period - Shot by Sidney Crosby.
9:18 of 2nd period - Stopped by Semyon Varlamov with a rebound.
9:26 of 2nd period - Shot by Sidney Crosby.
9:26 of 2nd period - Stopped by Semyon Varlamov without a rebound.
9:27 of 2nd period - Paul Byron wins face-off versus Nick Bjugstad in Sharks zone.
9:42 of 2nd period - Shot by Martin Havlat.
9:42 of 2nd period - Stopped by Jonas Gustavsson with a rebound.
9:46 of 2nd period - Shot by Nick Bjugstad.
9:46 of 2nd period - Shot Misses the Net.
10:02 of 2nd period - Shot by Nick Bjugstad.
10:02 of 2nd period - Stopped by Jonas Gustavsson without a rebound.
10:03 of 2nd period - John Mitchell wins face-off versus Sean Couturier in Stars zone.
10:36 of 2nd period - Shot by Cody McLeod.
10:36 of 2nd period - Shot Misses the Net.
10:50 of 2nd period - Robert Bortuzzo is hit by Sean Couturier and loses puck.
11:36 of 2nd period - Icing by Duncan Keith.
11:37 of 2nd period - Nick Bjugstad wins face-off versus Sidney Crosby in Stars zone.
12:26 of 2nd period - Shot by Nikita Kucherov.
12:26 of 2nd period - Shot Misses the Net.
12:28 of 2nd period - Shot by Paul Stastny.
12:28 of 2nd period - Stopped by Semyon Varlamov without a rebound.
12:29 of 2nd period - John Mitchell wins face-off versus Anze Kopitar in Sharks zone.
12:59 of 2nd period - Minor Penalty to Cody McLeod for High sticking.
13:00 of 2nd period - Nick Bjugstad wins face-off versus Sidney Crosby in Stars zone.
13:59 of 2nd period - Shot by Charlie Coyle.
13:59 of 2nd period - Stopped by Jonas Gustavsson without a rebound.
14:00 of 2nd period - Anze Kopitar wins face-off versus Sidney Crosby in Stars zone.
14:52 of 2nd period - Shot by Chris Tanev.
14:52 of 2nd period - Shot Misses the Net.
14:54 of 2nd period - Shot by Chris Tanev.
14:54 of 2nd period - Shot Misses the Net.
14:56 of 2nd period - Shot by Chris Tanev.
14:56 of 2nd period - Shot Misses the Net.
14:58 of 2nd period - Shot by Nick Bjugstad.
14:58 of 2nd period - Shot Misses the Net.
15:00 of 2nd period - Shot by Mark Pysyk.
15:00 of 2nd period - Stopped by Jonas Gustavsson without a rebound.
15:01 of 2nd period - Paul Stastny wins face-off versus Brooks Laich in Stars zone.
15:20 of 2nd period - Shot by Nikita Kucherov.
15:20 of 2nd period - Stopped by Semyon Varlamov without a rebound.
15:21 of 2nd period - Sean Couturier wins face-off versus Sidney Crosby in Sharks zone.
15:40 of 2nd period - Jonathan Huberdeau is hit by Seth Jones and loses puck.
15:59 of 2nd period - Shot by Chris Tanev.
15:59 of 2nd period - Shot Blocked by Adam Pardy.
16:21 of 2nd period - Shot by Nikita Kucherov.
16:21 of 2nd period - Shot Misses the Net.
16:32 of 2nd period - Shot by Paul Stastny.
16:32 of 2nd period - Stopped by Semyon Varlamov without a rebound.
16:33 of 2nd period - Henrik Zetterberg wins face-off versus John Mitchell in Sharks zone.
16:48 of 2nd period - Shot by John Mitchell.
16:48 of 2nd period - Deflect By Cody McLeod.
16:48 of 2nd period - Stopped by Semyon Varlamov without a rebound.
16:49 of 2nd period - Paul Stastny wins face-off versus Anze Kopitar in Sharks zone.
16:52 of 2nd period - Shot by Nikita Kucherov.
16:52 of 2nd period - Stopped by Semyon Varlamov without a rebound.
16:53 of 2nd period - Anze Kopitar wins face-off versus Paul Stastny in Sharks zone.
17:00 of 2nd period - Shot by Nikita Kucherov.
17:00 of 2nd period - Stopped by Semyon Varlamov without a rebound.
17:01 of 2nd period - Nick Bjugstad wins face-off versus Sidney Crosby in Sharks zone.
18:11 of 2nd period - Icing by Anze Kopitar.
18:12 of 2nd period - Anze Kopitar wins face-off versus John Mitchell in Sharks zone.
Goals for this period are 1 for Stars vs 0 for Sharks.
Shots for this period are 13 for Stars vs 5 for Sharks.

3rd period


0:01 of 3rd period - Nick Bjugstad wins face-off versus Sidney Crosby in neutral zone.
0:05 of 3rd period - Marc Staal is hit by Jason Demers and loses puck.
0:32 of 3rd period - Henrik Zetterberg is hit by Evgeni Malkin and loses puck.
1:13 of 3rd period - Shot by Nikita Kucherov.
1:13 of 3rd period - Shot Misses the Net.
1:43 of 3rd period - Shot by Sam Reinhart.
1:43 of 3rd period - Shot Misses the Net.
1:57 of 3rd period - Dave Bolland is hit by Paul Byron and loses puck.
2:16 of 3rd period - Shot by Tom Wilson.
2:16 of 3rd period - Shot Misses the Net.
2:18 of 3rd period - Shot by Tom Wilson.
2:18 of 3rd period - Shot Misses the Net.
3:00 of 3rd period - Shot by Sidney Crosby.
3:00 of 3rd period - Stopped by Semyon Varlamov without a rebound.
3:01 of 3rd period - John Mitchell wins face-off versus Martin Havlat in Sharks zone.
3:06 of 3rd period - Shot by Mike Richards.
3:06 of 3rd period - Shot Misses the Net.
3:08 of 3rd period - Shot by Mike Richards.
3:08 of 3rd period - Stopped by Semyon Varlamov without a rebound.
3:09 of 3rd period - Sidney Crosby wins face-off versus Anze Kopitar in Sharks zone.
3:12 of 3rd period - Shot by Evgeni Malkin.
3:12 of 3rd period - Stopped by Semyon Varlamov without a rebound.
3:13 of 3rd period - Sidney Crosby wins face-off versus Anze Kopitar in Sharks zone.
3:18 of 3rd period - Shot by Jonathan Huberdeau.
3:18 of 3rd period - Shot Misses the Net.
4:19 of 3rd period - Shot by Nick Bjugstad.
4:19 of 3rd period - Stopped by Jonas Gustavsson without a rebound.
4:20 of 3rd period - John Mitchell wins face-off versus Mikhail Grigorenko in Stars zone.
4:59 of 3rd period - Off-side.
5:00 of 3rd period - Jonathan Huberdeau wins face-off versus Nick Bjugstad in neutral zone.
5:03 of 3rd period - Shot by Evgeni Malkin.
5:03 of 3rd period - Stopped by Semyon Varlamov without a rebound.
5:04 of 3rd period - Nick Bjugstad wins face-off versus Sidney Crosby in Sharks zone.
5:22 of 3rd period - Shot by Jonathan Huberdeau.
5:22 of 3rd period - Shot Misses the Net.
5:24 of 3rd period - Shot by Jason Demers.
5:24 of 3rd period - Stopped by Semyon Varlamov without a rebound.
5:25 of 3rd period - Anze Kopitar wins face-off versus Paul Stastny in Sharks zone.
6:45 of 3rd period - Off-side.
6:46 of 3rd period - John Mitchell wins face-off versus Brooks Laich in neutral zone.
7:25 of 3rd period - Icing by Xavier Ouellet.
7:26 of 3rd period - Brooks Laich wins face-off versus Sidney Crosby in Sharks zone.
8:34 of 3rd period - Icing by Jason Demers.
8:35 of 3rd period - Anze Kopitar wins face-off versus Sidney Crosby in Stars zone.
8:44 of 3rd period - Shot by Sam Reinhart.
8:44 of 3rd period - Stopped by Jonas Gustavsson without a rebound.
8:45 of 3rd period - Sean Couturier wins face-off versus Paul Stastny in Stars zone.
8:50 of 3rd period - Shot by Andrej Sustr.
8:50 of 3rd period - Stopped by Jonas Gustavsson without a rebound.
8:51 of 3rd period - Paul Stastny wins face-off versus Sam Reinhart in Stars zone.
8:51 of 3rd period - Duncan Keith is hit by Sam Reinhart and loses puck.
9:07 of 3rd period - Off-side.
9:08 of 3rd period - Mike Richards wins face-off versus Martin Havlat in neutral zone.
9:35 of 3rd period - Shot by Mike Richards.
9:35 of 3rd period - Stopped by Semyon Varlamov without a rebound.
9:36 of 3rd period - Paul Stastny wins face-off versus Anze Kopitar in Sharks zone.
9:39 of 3rd period - Shot by Paul Stastny.
9:39 of 3rd period - Deflect By Nikita Kucherov.
9:39 of 3rd period - Shot Misses the Net.
9:41 of 3rd period - Shot by Zdeno Chara.
9:41 of 3rd period - Shot Blocked by Andrej Sustr.
9:47 of 3rd period - Shot by Nikita Kucherov.
9:47 of 3rd period - Shot Misses the Net.
9:55 of 3rd period - Shot by Paul Byron.
9:55 of 3rd period - Stopped by Semyon Varlamov with a rebound.
9:57 of 3rd period - Shot by Zdeno Chara.
9:57 of 3rd period - Shot Blocked by Anze Kopitar.
10:01 of 3rd period - Shot by Paul Stastny.
10:01 of 3rd period - Shot Misses the Net.
10:05 of 3rd period - Shot by Paul Stastny.
10:05 of 3rd period - Stopped by Semyon Varlamov without a rebound.
10:06 of 3rd period - Sidney Crosby wins face-off versus Nick Bjugstad in Sharks zone.
10:09 of 3rd period - Shot by Evgeni Malkin.
10:09 of 3rd period - Deflect By Jonathan Huberdeau.
10:09 of 3rd period - Shot Blocked by Chris Tanev.
10:09 of 3rd period - Chris Tanev from Sharks is injured at 10:09 of 3rd period (Bruised Right Leg).
10:10 of 3rd period - Sidney Crosby wins face-off versus Nick Bjugstad in Sharks zone.
10:34 of 3rd period - Minor Penalty to Nick Bjugstad for Tripping.
10:35 of 3rd period - Paul Stastny wins face-off versus Sean Couturier in Sharks zone.
11:38 of 3rd period - Shot by Jason Demers.
11:38 of 3rd period - Shot Misses the Net.
11:44 of 3rd period - Shot by Evgeni Malkin.
11:44 of 3rd period - Deflect By Nikita Kucherov.
11:44 of 3rd period - Shot Misses the Net.
11:50 of 3rd period - Shot by Duncan Keith.
11:50 of 3rd period - Stopped by Semyon Varlamov without a rebound.
11:51 of 3rd period - Dave Bolland wins face-off versus Sidney Crosby in Sharks zone.
11:51 of 3rd period - Dave Bolland is hit by Nikita Kucherov.
11:58 of 3rd period - Icing by Sidney Crosby.
11:59 of 3rd period - Sidney Crosby wins face-off versus Dave Bolland in Stars zone.
12:22 of 3rd period - Shot by Duncan Keith.
12:22 of 3rd period - Stopped by Semyon Varlamov without a rebound.
12:23 of 3rd period - Sean Couturier wins face-off versus Paul Stastny in Sharks zone.
12:55 of 3rd period - John Mitchell is hit by Seth Jones and loses puck.
13:58 of 3rd period - Shot by Anze Kopitar.
13:58 of 3rd period - Shot Blocked by Paul Stastny.
14:00 of 3rd period - Shot by Anze Kopitar.
14:00 of 3rd period - Stopped by Jonas Gustavsson without a rebound.
14:01 of 3rd period - Sidney Crosby wins face-off versus Sean Couturier in Stars zone.
14:47 of 3rd period - Icing by Zdeno Chara.
14:48 of 3rd period - Sidney Crosby wins face-off versus Anze Kopitar in Stars zone.
15:34 of 3rd period - Zdeno Chara is hit by Xavier Ouellet and loses puck.
16:01 of 3rd period - Shot by Nikita Kucherov.
16:01 of 3rd period - Shot Blocked by Mark Pysyk.
16:02 of 3rd period - Minor Penalty to Mark Pysyk for Tripping.
16:03 of 3rd period - Paul Stastny wins face-off versus Sean Couturier in Sharks zone.
16:17 of 3rd period - Icing by Brad Malone.
16:18 of 3rd period - Paul Stastny wins face-off versus Sean Couturier in Stars zone.
16:35 of 3rd period - Shot by John Klingberg.
16:35 of 3rd period - Shot Blocked by Marc Staal.
16:37 of 3rd period - Shot by Paul Byron.
16:37 of 3rd period - Stopped by Semyon Varlamov with a rebound.
16:45 of 3rd period - Shot by Paul Stastny.
16:45 of 3rd period - Shot Blocked by Marc Staal.
17:47 of 3rd period - Shot by John Klingberg.
17:47 of 3rd period - Stopped by Semyon Varlamov without a rebound.
17:48 of 3rd period - Paul Stastny wins face-off versus Sean Couturier in Sharks zone.
17:59 of 3rd period - Shot by Duncan Keith.
17:59 of 3rd period - Stopped by Semyon Varlamov without a rebound.
18:00 of 3rd period - Dave Bolland wins face-off versus Sidney Crosby in Sharks zone.
18:19 of 3rd period - Shot by Henrik Zetterberg.
18:19 of 3rd period - Deflect By Nick Bjugstad.
18:19 of 3rd period - Shot Misses the Net.
18:31 of 3rd period - Seth Jones is hit by Cody McLeod.
18:57 of 3rd period - Shot by Sidney Crosby.
18:57 of 3rd period - Stopped by Semyon Varlamov with a rebound.
18:59 of 3rd period - Shot by Sidney Crosby.
18:59 of 3rd period - Shot Misses the Net.
19:01 of 3rd period - Shot by Duncan Keith.
19:01 of 3rd period - Stopped by Semyon Varlamov without a rebound.
19:02 of 3rd period - Anze Kopitar wins face-off versus Paul Stastny in Sharks zone.
Goals for this period are 0 for Stars vs 0 for Sharks.
Shots for this period are 15 for Stars vs 4 for Sharks.

Overtime #1


0:01 of 1st overtime period - Sidney Crosby wins face-off versus Anze Kopitar in neutral zone.
0:16 of 1st overtime period - Shot by Henrik Zetterberg.
0:16 of 1st overtime period - Stopped by Jonas Gustavsson without a rebound.
0:17 of 1st overtime period - Henrik Zetterberg wins face-off versus Evgeni Malkin in Stars zone.
0:38 of 1st overtime period - Shot by Sam Reinhart.
0:38 of 1st overtime period - Stopped by Jonas Gustavsson with a rebound.
0:40 of 1st overtime period - Shot by Seth Jones.
0:40 of 1st overtime period - Stopped by Jonas Gustavsson with a rebound.
0:42 of 1st overtime period - Shot by Seth Jones.
0:42 of 1st overtime period - Shot Misses the Net.
0:58 of 1st overtime period - Shot by Sam Reinhart.
0:58 of 1st overtime period - Stopped by Jonas Gustavsson without a rebound.
0:59 of 1st overtime period - Anze Kopitar wins face-off versus Sidney Crosby in Stars zone.
2:48 of 1st overtime period - Icing by Robert Bortuzzo.
2:49 of 1st overtime period - Paul Stastny wins face-off versus Anze Kopitar in Stars zone.
2:51 of 1st overtime period - Icing by Jason Demers.
2:52 of 1st overtime period - Paul Stastny wins face-off versus Anze Kopitar in Stars zone.
2:57 of 1st overtime period - Shot by Paul Stastny.
2:57 of 1st overtime period - Shot Misses the Net.
4:50 of 1st overtime period - Shot by Charlie Coyle.
4:50 of 1st overtime period - Stopped by Jonas Gustavsson without a rebound.
4:51 of 1st overtime period - Anze Kopitar wins face-off versus Paul Stastny in Stars zone.
Goals for this period are 0 for Stars vs 0 for Sharks.
Shots for this period are 0 for Stars vs 5 for Sharks.

ShootOut


5:00 of 1st overtime period - Penalty Shot by Sidney Crosby for Stars.
5:00 of 1st overtime period - Stopped by Semyon Varlamov.
5:00 of 1st overtime period - Penalty Shot by Charlie Coyle for Sharks.
5:00 of 1st overtime period - Stopped by Jonas Gustavsson.
5:00 of 1st overtime period - Penalty Shot by Evgeni Malkin for Stars.
5:00 of 1st overtime period - Stopped by Semyon Varlamov.
5:00 of 1st overtime period - Penalty Shot by Anze Kopitar for Sharks.
5:00 of 1st overtime period - Shot Misses the Net.
5:00 of 1st overtime period - Penalty Shot by Jonathan Huberdeau for Stars.
5:00 of 1st overtime period - Stopped by Semyon Varlamov.
5:00 of 1st overtime period - Penalty Shot by Sam Reinhart for Sharks.
5:00 of 1st overtime period - Goal by Sam Reinhart.